 Dungeon Crawl Stone Soup version 0.30-a0-778-g2ef04afb54 (console) character file.

Game seed: 7918609411962476182

37 rlgrobin the Chopper (level 3, 0/31 HPs)
             Began as a Meteoran Fighter on Feb 17, 2023.
             Was a Follower of Fedhas.
             Slain by a gnoll
             ... wielding a +0 flail
              (4 damage)
             ... on level 4 of the Dungeon.
             The game lasted 00:02:00 (280 turns).

rlgrobin the Chopper (Meteoran Fighter)              Turns: 280, Time: 00:02:00

Health: 0/31       AC:  6    Str: 19    XL:     3   Next: 85%
Magic:  4/4        EV:  9    Int: 10    God:    Fedhas [*.....]
Gold:   31         SH:  5    Dex: 13    Spells: 2/2 levels left

rFire   . . .      SeeInvis .    a - +0 war axe
rCold   . . .      Faith    .    c - +0 buckler
rNeg    . . .      Spirit   .    b - +0 scale mail
rPois   .          Reflect  .    (no helmet)
rElec   .          Harm     .    (no cloak)
rCorr   .          Rampage  .    (no gloves)
Will    .....                    (no boots) Stlth
                                 (no amulet)
HPRegen 0.25/turn                (no ring)
MPRegen 0.09/turn                (no ring)

@: mighty, glowing
A: sense surroundings 1, otherworldly, glowing, explore regen
a: Renounce Religion


You were on level 4 of the Dungeon.
You worshipped Fedhas.
Fedhas was aware of your devotion.
You visited 1 branch of the dungeon, and saw 4 of its levels.

You collected 31 gold pieces.

Inventory:

Hand Weapons
 a - a +0 war axe (weapon)
Armour
 b - a +0 scale mail (worn)
 c - a +0 buckler (worn)
Potions
 d - 2 potions of might
 e - a potion of curing {unknown}
 f - a potion of lignification {unknown}


   Skills:
 - Level 3.2 Fighting
 + Level 4.5 Axes
 - Level 3.6 Armour
 - Level 3.6 Shields


You had 2 spell levels left.
You didn't know any spells.
Your spell library was empty.

Dungeon Overview and Level Annotations

Branches:
Dungeon (4/15) Zot: 2099
 Temple: D:4-7

Altars:
Fedhas
Vehumet


Innate Abilities, Weirdness & Mutations

You passively map a small area around you.
You are easily found by Zot.
You glow in the dark.
You regain HP and MP as you explore.


Message History

Found a scroll labelled PACKUBBUTI and 17 gold pieces.
There is a stone staircase leading up here.
As you read the scroll labelled QIEKHI FOGAGG, it crumbles to dust.
You hear a loud clanging noise!
It was a scroll of noise.
You hear a shout! x7; You hear an angry hiss.
As you read the scroll labelled ZONAUCAUPH, it crumbles to dust.
You feel strangely unstable.
It was a scroll of teleportation.
A worm comes into view.
Found a stone staircase leading up. 3 orcs come into view.
Your surroundings suddenly seem different. 4 gnolls and a kobold come into view.
Found 20 gold pieces.
The gnoll shouts!
The gnoll hits you with a +0 flail.
The orc moves out of view. x3
The gnoll barely misses you. The gnoll hits you with a +0 whip.
The gnoll hits you with a +0 club!
You barely miss the gnoll. You hit the gnoll. You slash the gnoll!
You block the gnoll's attack. The gnoll hits you with a +0 flail!
The gnoll hits you with a +0 whip.
You feel very mighty all of a sudden.
A ball python comes into view.
A necrophage comes into view.
You block the gnoll's attack. The gnoll hits you but does no damage.
The gnoll hits you with a +0 flail.
* * * LOW HITPOINT WARNING * * *
The ball python hisses angrily.
You slash the gnoll!
You kill the gnoll!
Fedhas appreciates your contribution to the ecosystem.
You hit the gnoll. x2; The gnoll closely misses you.
The gnoll hits you with a +0 club.
* * * LOW HITPOINT WARNING * * *
You slash the gnoll!
You kill the gnoll!
Fedhas appreciates your contribution to the ecosystem.
You closely miss the gnoll. You closely miss the kobold.
The gnoll hits you with a +0 flail.
You die...
Fedhas appreciates your contribution to the ecosystem.

.. #...... * * *
..##....## * #..#.# ,.##
, .........#.###$....
$..##, * *
...................
..... .....<...#.
#..#.#.S..#
...###...#..##..#.#....#
.<. ................, *
, .o#**
$..#.....)#K#.#..#. , ..
*..........@....n... .#
..........g........ , o*
......$..........#. .
*..##.#..#.###.#..# ,
.....#. .#,.#, , * #.#.
#. .# # , #,#, #. # * *
* #. * , , *,


You could see a necrophage, a gnoll, a ball python and a kobold.

Vanquished Creatures
  2 gnolls (D:4)
  A dart slug (D:2)
  A ball python (D:2)
  4 endoplasms
  A giant cockroach (D:3)
  2 goblins (D:1)
  2 hobgoblins
  5 jackals
  A quokka (D:1)
  A kobold (D:1)
  3 rats
23 creatures vanquished.

Notes
Turn   | Place    | Note
-------+----------+-------------------------------------------
     0 | D:1      | rlgrobin the Meteoran Fighter began the quest for the Orb.
     0 | D:1      | Reached XP level 1. HP: 19/19 MP: 2/2
    77 | D:1      | Reached skill level 3 in Axes
    77 | D:1      | Reached XP level 2. HP: 24/26 MP: 3/3
   133 | D:2      | Noticed a great orb of eyes
   135 | D:2      | Found a faded altar of an unknown god.
   137 | D:2      | Noticed a floating eye
   137 | D:2      | Noticed a floating eye
   137 | D:2      | Noticed a golden eye
   145 | D:2      | Prayed at the altar of an unknown god.
   145 | D:2      | Became a worshipper of Fedhas Madash
   145 | D:2      | Reached * piety under Fedhas
   185 | D:2      | Reached XP level 3. HP: 27/31 MP: 4/4
   187 | D:2      | Reached skill level 4 in Axes
   214 | D:3      | Found a radiant altar of Vehumet.
   278 | D:4      | Noticed a necrophage
   280 | D:4      | Slain by a gnoll

Illustrated notes

Levels and vault maps discovered:
D:1:      giann_wishing_wells, layout_basic, serial_shops,
          nicolae_lakefront_shop, nicolae_figureground_pulse
D:2:      layout_loops_ring, basic_altar, hellmonk_ecumenical_altar_watching_god
D:3:      minmay_skewed_foursquare, layout_basic,
          nicolae_qazlal_eye_of_the_storm, mainiacjoe_overflow_swirl,
          vehumet_crystals, uniq_natasha, uniq_ijyb, uniq_sigmund,
          uniq_crazy_yiuf_cottage
D:4:      layout_basic, gup_sewer_entry_bubbles,
          lightli_ossuary_entry_decrepit_ruins, nicolae_wormholes

Skill      XL: |  1  2  3 |
---------------+----------+-----
Axes           | 3 4 |  4.5
Fighting       | |  3.2
Armour         | |  3.6
Shields        | |  3.6

Action                     || total
---------------------------++-------
  Melee: War axe           ||    54
    Use: Scroll            ||     2
         Potion            ||     1
 Armour: Scale mail        ||    29
  Dodge: Dodged            ||    35
  Block: Buckler           ||    21

Table legend: (Time is in decaauts)
 A = Elapsed time spent in this place.
 B = Non-inter-level travel time spent in this place.
 C = Inter-level travel time spent in this place.
 D = Time resting spent in this place.
 E = Time spent auto-exploring this place.
 F = Levels seen in this place.
 G = Mean time per level.
                   A        B        C        D        E       F      G
               +--------+--------+--------+--------+--------+-----+--------+
         Total |    299 |    299 |      0 |      0 |      0 |   4 |   74.8 |
       Dungeon |    299 |    299 |      0 |      0 |      0 |   4 |   74.8 |
               +--------+--------+--------+--------+--------+-----+--------+

Top non-repeatable levels by time:
     D:1: 128 daAuts
     D:2: 98 daAuts
     D:3: 62 daAuts
     D:4: 9 daAuts
